Workbook

Sheet Capa
F2: NEXA RESOURCES ARIPUANÃ
B3: TÍTULO: | F3: Nº NEXA: | J3: FOLHA:
B4: REFORMA DAS UBSs E HM PROJETO EXECUTVO UBS CONSELVAN PLANILHA DE QUANTIDADES - INSTALAÇÕES HIDRÁULICAS | F4: PQ-I726418001-0000ARQ0509
F5: Nº EMITENTE: | J5: REV.:
F6: 7074266 | J6: 5
B7: REVISÕES
B8: TE: TIPO DE EMISSÃO:
B9: A - PARA CONHECIMENTO | E9: D - PARA COMPRA | F9: G - FINAL/CERTIFICADO
B10: B - PARA APROVAÇÃO | E10: E - PARA CONSTRUÇÃO | F10: H - CANCELADO
B11: C - PARA COTAÇÃO | E11: F - APROVADO | F11: I - CONFORME CONSTRUÍDO / ASBUILT
B12: REV.: | C12: TE | D12: Descrição | F12: Por | G12: Ver. | H12: Apr. | I12: Aut. | J12: Data
B13: 0 | C13: B | D13: Para Aprovação | F13: MC | G13: DGS | H13: MP | I13: MP | J13: 44095
B14: 1 | C14: F | D14: Aprovado | F14: MC | G14: DGS | H14: MP | I14: MP | J14: 44118
B15: 2 | C15: F | D15: Aprovado | F15: MC | G15: DGS | H15: MP | I15: MP | J15: 44119
B16: 3 | C16: F | D16: Aprovado | F16: MC | G16: DGS | H16: MP | I16: MP | J16: 44120
B17: 4 | C17: F | D17: Aprovado | F17: MC | G17: DGS | H17: MP | I17: MP | J17: 44126
B18: 5 | C18: E | D18: Para Construção | F18: MC | G18: DGS | H18: MP | I18: MP | J18: 44154
B30: Este documento contém informações confidenciais. O conteúdo deste documento é de propriedade integral da NEXA. Este documento não pode ser reproduzido nem retransmitido a terceiros por quaisquer meios, nem pode ser utilizado para fins pessoais, particularmente para a execução do que aqui está representado sem a expressa autorização da NEXA.

Sheet PQ
K2: =Capa!F2 -> NEXA RESOURCES ARIPUANÃ
B3: =Capa!B3 -> TÍTULO: | K3: Nº NEXA: | S3: FOLHA:
B4: =Capa!B4 -> REFORMA DAS UBSs E HM PROJETO EXECUTVO UBS CONSELVAN PLANILHA DE QUANTIDADES - INSTALAÇÕES HIDRÁULICAS | K4: =Capa!F4 -> PQ-I726418001-0000ARQ0509
K5: Nº EMITENTE: | S5: REV.:
K6: =Capa!F6 -> 7074266 | S6: =Capa!J6 -> 5
B7: ITEM | C7: PACOTE | D7: EAP | G7: DISCIPLINA | I7: TAG | J7: DESCRIÇÃO | K7: FORNECIMENTO | L7: QTE | M7: UNID. | N7: PESO (kg) | O7: FORNECIMENTO (R$) | Q7: MONTAGEM (R$) | S7: TOTAL GERAL
D8: 1o NÍVEL | E8: 2o NÍVEL | F8: 3o NÍVEL | G8: 4o NÍVEL | H8: 5o NÍVEL | O8: VALOR UNIT. | P8: TOTAL | Q8: VALOR UNIT. | R8: TOTAL
J9: HIDRÁULICA - DESENHOS DE REFERÊNCIA DE-I726418001-0000ARQ0636 DE-I726418001-0000ARQ0637 DE-I726418001-0000ARQ0638 DE-I726418001-0000ARQ0639 DE-I726418001-0000ARQ0640 | P9: =L9*O9 -> 0 | R9: =L9*Q9 -> 0 | S9: =P9+R9 -> 0
B10: 1 | J10: Água Fria Potável | P10: =L10*O10 -> 0 | R10: =L10*Q10 -> 0 | S10: =P10+R10 -> 0
B11: 1.1 | D11: 00 | E11: 00 | G11: ARQ | H11: DT | J11: Fornecimento e Aplicação de Tubo PVC Marrom Ø 25mm | L11: 156 | M11: m | P11: =L11*O11 -> 0 | R11: =L11*Q11 -> 0 | S11: =P11+R11 -> 0
B12: 1.2 | D12: 00 | E12: 00 | G12: ARQ | H12: DT | J12: Fornecimento e Aplicação de Tubo PVC Marrom Ø 32mm | L12: 56 | M12: m | P12: =L12*O12 -> 0 | R12: =L12*Q12 -> 0 | S12: =P12+R12 -> 0
B13: 1.3 | D13: 00 | E13: 00 | G13: ARQ | H13: DT | J13: Fornecimento e Aplicação de Tubo PVC Marrom Ø 40mm | L13: 26 | M13: m | P13: =L13*O13 -> 0 | R13: =L13*Q13 -> 0 | S13: =P13+R13 -> 0
B14: 1.4 | D14: 00 | E14: 00 | G14: ARQ | H14: DT | J14: Fornecimento e Aplicação de Tubo PVC Marrom Ø 50mm | L14: 36 | M14: m | P14: =L14*O14 -> 0 | R14: =L14*Q14 -> 0 | S14: =P14+R14 -> 0
B15: 1.5 | D15: 00 | E15: 00 | G15: ARQ | H15: DT | J15: Fornecimento e Aplicação de Joelho 90º PVC Marrom Ø 25mm | L15: 77 | M15: PÇ | P15: =L15*O15 -> 0 | R15: =L15*Q15 -> 0 | S15: =P15+R15 -> 0
B16: 1.6 | D16: 00 | E16: 00 | G16: ARQ | H16: DT | J16: Fornecimento e Aplicação de Joelho 90º PVC Marrom Ø 32mm | L16: 4 | M16: PÇ
B17: 1.7 | D17: 00 | E17: 00 | G17: ARQ | H17: DT | J17: Fornecimento e Aplicação de Joelho 90º PVC Marrom Ø 50mm | L17: 8 | M17: PÇ | P17: =L17*O17 -> 0 | R17: =L17*Q17 -> 0 | S17: =P17+R17 -> 0
B18: 1.8 | D18: 00 | E18: 00 | G18: ARQ | H18: DT | J18: Fornecimento e Aplicação de Joelho 90º PVC Bucha Latão Ø 25mm | L18: 47 | M18: PÇ
B19: 1.9 | D19: 00 | E19: 00 | G19: ARQ | H19: DT | J19: Fornecimento e Aplicação de Bucha de Redução PVC Soldável 32x25 | L19: 8 | M19: PÇ | P19: =L19*O19 -> 0 | R19: =L19*Q19 -> 0 | S19: =P19+R19 -> 0
B20: 1.10 | D20: 00 | E20: 00 | G20: ARQ | H20: DT | J20: Fornecimento e Aplicação de Bucha de Redução PVC Soldável 40x32 | L20: 2 | M20: PÇ
B21: 1.11 | D21: 00 | E21: 00 | G21: ARQ | H21: DT | J21: Fornecimento e Aplicação de Tê PVC Soldável Ø 25mm | L21: =16+7 -> 23 | M21: PÇ | P21: =L21*O21 -> 0 | R21: =L21*Q21 -> 0 | S21: =P21+R21 -> 0
B22: 1.12 | D22: 00 | E22: 00 | G22: ARQ | H22: DT | J22: Fornecimento e Aplicação de Tê PVC Soldável Ø 40mm | L22: 4 | M22: PÇ
B23: 1.13 | D23: 00 | E23: 00 | G23: ARQ | H23: DT | J23: Fornecimento e Aplicação de Tê PVC Soldável Ø 32x25mm | L23: 12 | M23: PÇ | P23: =L23*O23 -> 0 | R23: =L23*Q23 -> 0 | S23: =P23+R23 -> 0
B24: 1.14 | D24: 00 | E24: 00 | G24: ARQ | H24: DT | J24: Fornecimento e Aplicação de Tê PVC Soldável Ø 40x25mm | L24: 2 | M24: PÇ | P24: =L24*O24 -> 0 | R24: =L24*Q24 -> 0 | S24: =P24+R24 -> 0
B25: 1.15 | D25: 00 | E25: 00 | G25: ARQ | H25: DT | J25: Fornecimento e Aplicação de Tê PVC Soldável Ø 40x32mm | L25: 4 | M25: PÇ | P25: =L25*O25 -> 0 | R25: =L25*Q25 -> 0 | S25: =P25+R25 -> 0
B26: 1.16 | D26: 00 | E26: 00 | G26: ARQ | H26: DT | J26: Fornecimento e Aplicação de Registro Gaveta Ø 25mm | L26: 40 | M26: PÇ
B27: 1.17 | D27: 00 | E27: 00 | G27: ARQ | H27: DT | J27: Fornecimento e Aplicação de Registro Gaveta Ø 50mm | L27: 2 | M27: PÇ | P27: =L27*O27 -> 0 | R27: =L27*Q27 -> 0 | S27: =P27+R27 -> 0
B28: 1.18 | D28: 00 | E28: 00 | G28: ARQ | H28: DT | J28: Fornecimento e Aplicação de Registro Gaveta Ø 60mm | L28: 2 | M28: PÇ
B29: 1.19 | D29: 00 | E29: 00 | G29: ARQ | H29: DT | J29: Valvula de Retenção - 50mm | L29: 2 | M29: PÇ | P29: =L29*O29 -> 0 | R29: =L29*Q29 -> 0 | S29: =P29+R29 -> 0
B30: 1.20 | D30: 00 | E30: 00 | G30: ARQ | H30: DT | J30: Conjunto de de bombas de pressurização completos - Vazão 12m³/h Pressão 15mca | L30: 2 | M30: CJ
B31: 2 | J31: Esgotos / Ventilação | P31: =L31*O31 -> 0 | R31: =L31*Q31 -> 0 | S31: =P31+R31 -> 0
B32: 2.1 | D32: 00 | E32: 00 | G32: ARQ | H32: DT | J32: Fornecimento e Aplicação de Tubo PVC Branco série R Ø40mm | L32: 66 | M32: m | P32: =L32*O32 -> 0 | R32: =L32*Q32 -> 0 | S32: =P32+R32 -> 0
B33: 2.2 | D33: 00 | E33: 00 | G33: ARQ | H33: DT | J33: Fornecimento e Aplicação de Tubo PVC Branco série R Ø50mm | L33: 106 | M33: m | P33: =L33*O33 -> 0 | R33: =L33*Q33 -> 0 | S33: =P33+R33 -> 0
B34: 2.3 | D34: 00 | E34: 00 | G34: ARQ | H34: DT | J34: Fornecimento e Aplicação de Tubo PVC Branco série R Ø100mm | L34: 110 | M34: m | P34: =L34*O34 -> 0 | R34: =L34*Q34 -> 0 | S34: =P34+R34 -> 0
B35: 2.4 | D35: 00 | E35: 00 | G35: ARQ | H35: DT | J35: Fornecimento e Aplicação de Joelho 90° PVC Branco série R Ø40mm | L35: 50 | M35: m | P35: =L35*O35 -> 0 | R35: =L35*Q35 -> 0 | S35: =P35+R35 -> 0
B36: 2.5 | D36: 00 | E36: 00 | G36: ARQ | H36: DT | J36: Fornecimento e Aplicação de Joelho 90° PVC Branco série R Ø50mm | L36: 56 | M36: PÇ | P36: =L36*O36 -> 0 | R36: =L36*Q36 -> 0 | S36: =P36+R36 -> 0
B37: 2.6 | D37: 00 | E37: 00 | G37: ARQ | H37: DT | J37: Fornecimento e Aplicação de Joelho 90° PVC Branco série R Ø100mm | L37: 12 | M37: PÇ | P37: =L37*O37 -> 0 | R37: =L37*Q37 -> 0 | S37: =P37+R37 -> 0
B38: 2.7 | D38: 00 | E38: 00 | G38: ARQ | H38: DT | J38: Fornecimento e Aplicação de Joelho 45° PVC Branco série R Ø40mm | L38: 25 | M38: PÇ | P38: =L38*O38 -> 0 | R38: =L38*Q38 -> 0 | S38: =P38+R38 -> 0
B39: 2.8 | D39: 00 | E39: 00 | G39: ARQ | H39: DT | J39: Fornecimento e Aplicação de Joelho 45° PVC Branco série R Ø50mm | L39: 25 | M39: PÇ
B40: 2.9 | D40: 00 | E40: 00 | G40: ARQ | H40: DT | J40: Fornecimento e Aplicação de Joelho 45° PVC Branco série R Ø100mm | L40: 10 | M40: PÇ | P40: =L40*O40 -> 0 | R40: =L40*Q40 -> 0 | S40: =P40+R40 -> 0
B41: 2.10 | D41: 00 | E41: 00 | G41: ARQ | H41: DT | J41: Fornecimento e Aplicação de Tê PVC Branco série R 50mm | L41: 26 | M41: PÇ | P41: =L41*O41 -> 0 | R41: =L41*Q41 -> 0 | S41: =P41+R41 -> 0
B42: 2.11 | D42: 00 | E42: 00 | G42: ARQ | H42: DT | J42: Fornecimento e Aplicação de Tê PVC Branco série R 100mm | L42: 8 | M42: PÇ | P42: =L42*O42 -> 0 | R42: =L42*Q42 -> 0 | S42: =P42+R42 -> 0
B43: 2.12 | D43: 00 | E43: 00 | G43: ARQ | H43: DT | J43: Fornecimento e Aplicação de Junção Simples 100x50 mm | L43: 15 | M43: PÇ | P43: =L43*O43 -> 0 | R43: =L43*Q43 -> 0 | S43: =P43+R43 -> 0
B44: 2.13 | D44: 00 | E44: 00 | G44: ARQ | H44: DT | J44: Fornecimento e Aplicação de Junção Simples 100 mm | L44: 8 | M44: PÇ
B45: 2.14 | D45: 00 | E45: 00 | G45: ARQ | H45: DT | J45: Fornecimento e Aplicação de Junção Simples 50 mm | L45: 6 | M45: PÇ | P45: =L45*O45 -> 0 | R45: =L45*Q45 -> 0 | S45: =P45+R45 -> 0
B46: 2.15 | D46: 00 | E46: 00 | G46: ARQ | H46: DT | J46: Fornecimento e Aplicação de Junção Simples 40 mm | L46: 4 | M46: PÇ | P46: =L46*O46 -> 0 | R46: =L46*Q46 -> 0 | S46: =P46+R46 -> 0
B47: 2.16 | D47: 00 | E47: 00 | G47: ARQ | H47: DT | J47: Fornecimento e Aplicação de Redução PVC Branco série R 100x50 | L47: 4 | M47: PÇ | P47: =L47*O47 -> 0 | R47: =L47*Q47 -> 0 | S47: =P47+R47 -> 0
B48: 2.17 | D48: 00 | E48: 00 | G48: ARQ | H48: DT | J48: Fornecimento e Aplicação de Ralo Sifonado 100x150x50mm | L48: 15 | M48: PÇ
B49: 2.18 | D49: 00 | E49: 00 | G49: ARQ | H49: DT | J49: Fornecimento e Aplicação de Ralo Seco de Esgoto 100x100x40mm | L49: 1 | M49: PÇ | P49: =L49*O49 -> 0 | R49: =L49*Q49 -> 0 | S49: =P49+R49 -> 0
B50: 2.19 | D50: 00 | E50: 00 | G50: ARQ | H50: DT | J50: Fornecimento e Aplicação de Terminal de Ventilação Ø50mm | L50: 9 | M50: PÇ | P50: =L50*O50 -> 0 | R50: =L50*Q50 -> 0 | S50: =P50+R50 -> 0
B51: 2.20 | D51: 00 | E51: 00 | G51: ARQ | H51: DT | J51: Fornecimento e Aplicação de Caixa de Gordura Anti-Infiltração 400x400mm, em PVC, com tampa | L51: 1 | M51: PÇ | P51: =L51*O51 -> 0 | R51: =L51*Q51 -> 0 | S51: =P51+R51 -> 0
B52: 3 | J52: Água Pluvial | P52: =L52*O52 -> 0 | R52: =L52*Q52 -> 0 | S52: =P52+R52 -> 0
B53: 3.1 | D53: 00 | E53: 00 | G53: ARQ | H53: DT | J53: Fornecimento e Aplicação de Tubo PVC Branco série R Ø100mm | L53: 12 | M53: m | P53: =L53*O53 -> 0 | R53: =L53*Q53 -> 0 | S53: =P53+R53 -> 0
B54: 3.2 | D54: 00 | E54: 00 | G54: ARQ | H54: DT | J54: Fornecimento e Aplicação de Tubo PVC Branco série R Ø150mm | L54: 26 | M54: m | P54: =L54*O54 -> 0 | R54: =L54*Q54 -> 0 | S54: =P54+R54 -> 0
B55: 3.3 | D55: 00 | E55: 00 | G55: ARQ | H55: DT | J55: Fornecimento e Aplicação de Tubo PVC Branco série R Ø200mm | L55: 36 | M55: m | P55: =L55*O55 -> 0 | R55: =L55*Q55 -> 0 | S55: =P55+R55 -> 0
B56: 3.4 | D56: 00 | E56: 00 | G56: ARQ | H56: DT | J56: Fornecimento e Aplicação de Joelho 90° PVC Branco série R Ø100mm | L56: 6 | M56: PÇ | P56: =L56*O56 -> 0 | R56: =L56*Q56 -> 0 | S56: =P56+R56 -> 0
B57: 3.5 | D57: 00 | E57: 00 | G57: ARQ | H57: DT | J57: Fornecimento e Aplicação de Joelho 45° PVC Branco série R Ø150mm | L57: 2 | M57: PÇ | P57: =L57*O57 -> 0 | R57: =L57*Q57 -> 0 | S57: =P57+R57 -> 0
B58: 3.6 | D58: 00 | E58: 00 | G58: ARQ | H58: DT | J58: Fornecimento e Aplicação de Junção PVC Branco série R Ø150mm | L58: 6 | M58: PÇ | P58: =L58*O58 -> 0 | R58: =L58*Q58 -> 0 | S58: =P58+R58 -> 0
B59: 3.7 | D59: 00 | E59: 00 | G59: ARQ | H59: DT | J59: Fornecimento e Aplicação de Grelha hemisférica em F°F° | L59: 6 | M59: PÇ | P59: =L59*O59 -> 0 | R59: =L59*Q59 -> 0 | S59: =P59+R59 -> 0
B60: 3.8 | D60: 00 | E60: 00 | G60: ARQ | H60: DT | J60: Conjunto de Bomba Submersível Completa para Aguas pluviais Vazão 3m³/h Pressão 3 mca | L60: 1 | M60: CJ | P60: =L60*O60 -> 0 | R60: =L60*Q60 -> 0 | S60: =P60+R60 -> 0
B61: 4 | J61: Civil | P61: =L61*O61 -> 0 | R61: =L61*Q61 -> 0 | S61: =P61+R61 -> 0
B62: 4.1 | D62: 00 | E62: 00 | G62: ARQ | H62: DT | J62: Fornecimento e Execução de Caixas de Passagem e Inspeção conforme projeto executivo | L62: 15 | M62: PÇ | P62: =L62*O62 -> 0 | R62: =L62*Q62 -> 0 | S62: =P62+R62 -> 0
B63: 4.2 | D63: 00 | E63: 00 | G63: ARQ | H63: DT | J63: Fornecimento e Aplicação de Sistema de tratamento de Esgoto compacto (fossa+filtro) Biodigestor Acqualimp – 3000L, inclusive caixa de gradeamento e sumidouro, conforme projeto executivo | L63: 1 | M63: CJ | P63: =L63*O63 -> 0 | R63: =L63*Q63 -> 0 | S63: =P63+R63 -> 0
B64: 4.3 | D64: 00 | E64: 00 | G64: ARQ | H64: DT | J64: Fornecimento e instalação de Reservatório tubular em aço carbono capacidade de 5000 litros duas células com suporte de tubulação, alimentação em tubo PVC 25 e saída PVC 60 com tampa de inspeção, grade de segurança e escada padrão, inclusive filtro NATURAL TEC, e caixa de limpeza, conforme projeto e especificação do fornecedor | L64: 1 | M64: CJ | P64: =L64*O64 -> 0 | R64: =L64*Q64 -> 0 | S64: =P64+R64 -> 0
B65: 4.4 | D65: 00 | E65: 00 | G65: ARQ | H65: DT | J65: Fornecimento e Aplicação de Bomba pressurizadora com variador de frequência, Vazão: 5m³/h – pressão 12 m.c.a 1cv 220V trifásica | L65: 1 | M65: CJ | P65: =L65*O65 -> 0 | R65: =L65*Q65 -> 0 | S65: =P65+R65 -> 0
B66: TOTAL | N66: =SUM(N9:N62) -> 0 | R66: =SUM(S9:S64) -> 0

Sheet Orientações
E2: =Capa!F2 -> NEXA RESOURCES ARIPUANÃ
B3: =Capa!B3 -> TÍTULO: | E3: Nº NEXA: | F3: FOLHA:
B4: =Capa!B4 -> REFORMA DAS UBSs E HM PROJETO EXECUTVO UBS CONSELVAN PLANILHA DE QUANTIDADES - INSTALAÇÕES HIDRÁULICAS | E4: =Capa!F4 -> PQ-I726418001-0000ARQ0509
E5: Nº EMITENTE: | F5: REV.:
E6: =Capa!F6 -> 7074266 | F6: =Capa!J6 -> 5
B7: ORIENTAÇÕES GERAIS PARA PREENCHIMENTO DA PLANILHA
B8: 1. PACOTE: Conforme Definição da Política de Aquisição e Contratação (PAC)
B9: 2. EAP - 1° Nível (Área): Conforme PD-GPB-GPR-002-PT e informado na reunião de Kick-Off-Meeting
B10: 3. EAP - 2° Nível (Subárea / Seção): Conforme PD-GPB-GPR-002-PT e Informado na Reunião de Kick-Off-Meeting
B11: 4. EAP - 3° Nível: Definição da Equipe do Projeto Quanto à Utilização ou não desta coluna devido à complexidade e Dimensão de Cada Projeto. A nomenclatura à ser usada deverá ser informada pela Nexa na reunião de Kick-Off-Meeting.
B12: 5. DISCIPLINA - 4° Nível: Preenchimento Conforme Tabela Abaixo, Seguindo PD-GPB-GPR-002-PT:
B13: ARQ | C13: Arquitetura
B14: AUT | C14: Automação
B15: CIV | C15: Civil
B16: COR | C16: Cooordenação
B17: ELE | C17: Elétrica
B18: GEO | C18: Geologia
B19: GRL | C19: Geral
B20: INF | C20: Infraestrutura
B21: INS | C21: Instrumentação
B22: LVR | C22: Lavra
B23: MEC | C23: Mecânica
B24: MET | C24: Estrutura Metálica
... B28: SMA | C28: Segurança e Meio Ambiente
B29: 6. DISCIPLINA - 5° Nível: Preenchimento Conforme Tabela Abaixo:
B30: CÓDIGO | C30: DESCRIÇÃO | D30: ITENS | F30: DISCIPLINA GERADORA | G30: DESCRIPTION
B31: DA | C31: Site Development | D31: Obras e Serviços para Preparação do Site para o projeto. Desmontagens, Demolições, mobilizaçao das empresas para execução das atividades | F31: TODAS | G31: Site Development | H31: DIRETO
B32: DB | C32: Infraestrutura | D32: Movimentação de terras, dispositivos de drenagem, sub-base, bases, leitos de arruamento, pavimentos rígidos, semi-rígidos e flexíveis | F32: INF / CIV | G32: Infraestructure
B33: DC | C33: Concreto | D33: Infraestutura, superestrutura, escavações, fundações, forma, armações e concreto | F33: CIV | G33: Concrete
B34: DD | C34: Arquitetura | D34: Esquadrias, revestimentos, alvenarias, pinturas, portas, telhados, etc. | F34: ARQ | G34: Architectural works
B35: DE | C35: Equipamentos Elétricos | D35: Transformadores, CCM´s, QDF, QDL, QDC, No Break, geradores, estabilizadores, eletrocentros, etc | F35: ELE | G35: Electrical Equipment
B36: DF | C36: Elétrica Geral | D36: Linhas de transmissão, redes de distribuição, eletrocalhas, Bandejamento, Eletrodutos, luminárias, aterramento, SPDA, miscelâneas. | F36: ELE / INS / AUT | G36: Electrical Bulks
B37: DG | C37: Cabos | D37: Cabos de força, controle, alimentação auxiliar, cabos de rede | F37: ELE / INS / AUT | G37: Cables
B38: DH | C38: Equipamentos de Automação | D38: PLC, sistemas de controle, remotas de comunicação, SDAI, Rack de comunicação | F38: AUT | G38: Automation Equipment
B39: DI | C39: Instrumentação | D39: Instrumentos em geral (temperatura, pressão, densidade, válvulas de controle, etc) | F39: INS | G39: Instrumentation
B40: DJ | C40: Telecomunicações e TI | D40: CFTV, rede de dados, telefonia, rádio, DG´s, | F40: TIC | G40: Telecommunications and IT
B41: DM | C41: Equipamentos Mecânicos | D41: Equipamentos Mecânicos rotativos, estáticos referentes ao processo, mineração, usinas, utilidades, para oficina e para manutenção. | F41: MEC | G41: Mechanical Equipment
B42: DN | C42: Equipamentos Móveis | D42: Equipamento Móveis, referente a operação da mina/usina. | F42: MEC | G42: Mobile Equipments
B43: DQ | C43: Caldeiraria | D43: Tanques, silos e caldeiraria em geral | F43: MEC | G43: Plate Work - Mechanical Bulks
... B46: DT | C46: Tubulação | D46: Tubulações, acessórios, suportes, válvulas manuais | F46: TUB | G46: Piping & Fittings
B47: IA | C47: Owner Costs | D47: Consultorias, aquisição de terras, direitos minerários, licenças de sistemas, sustentabilidade, software especiais, sondagens, taxas e responsabilidade legais. | F47: COR | G47: Owner Costs | H47: INDIRETO
B48: IB | C48: Owner Team | D48: Gerenciamento, apoio a engenharia, estrutura corporativa, apoio a suprimentos e apoio a construção | F48: COR | G48: Owner Team
B49: IC | C49: Estrutura e Serviços Temporários | D49: Construções temporárias, acessos temporários, escritório e infraestrutura temporária, etc | F49: COR | G49: Temporary Facilities
B50: ID | C50: Despesas Pré-Operacionais | D50: First Fill, comissionamento, start up, ramp up, assitência técnica de fornecedores, treinamento em novos sistemas, insumos e primeira carga | F50: COR | G50: Pre-Operation Expenses
B51: IE | C51: Engenharia | D51: Engenharia Conceitual, básica e detalhada, FEL | F51: COR | G51: Engineering
B52: IF | C52: Partner Team | D52: EPCM | F52: COR | G52: Partner Team
B53: 7. DESCRIÇÃO: Descrição do Item, seguindo os Padrões Utilizados Pela Nexa.
B54: 8. FORNECIMENTO: Responsabilidade de Fornecimento do Material / Equipamento / Instrumento. Deve ser preenchido com NEXA para os itens que a Nexa irá fornecer e a contratada irá montar e preenchido com CONTRATADA os itens que serão fornecidos e montados pela contratada.
B55: CÓDIGO | C55: DESCRIÇÃO
B56: NEXA | C56: Responsabilidade de Fornecimento do material / equipamento / instrumento da NEXA
B57: CONTRATADA | C57: Responsabilidade de Fornecimento do material / equipamento / instrumento da CONTRATADA
B58: 9. OBSERVAÇÕES:
B59: - Inserir os quantitativos na PQ sem majoração devido a imprecisão do projeto.
B60: - Desmontagens e demolições devem estar inclusos na disciplina (5o Nível) DA - Site Development
B61: - Ao revisar a Planilha de Quantidades, destacar as células de acordo com o quadro abaixo:
B62: Inclusão de Novos Itens
B63: Modificação de Descrição, unidade ou quantitativos
B64: Exclusão de Itens, zerando o quantitativo
